 Dungeon Crawl Stone Soup version 0.27.1-33-g824d729ab1 (webtiles) character file.

Game seed: 15013997424899943118

191 valthius the Skirmisher (level 5, -1/43 HPs)
             Began as a Demonspawn Fighter on Nov 29, 2021.
             Killed by divine providence
             ... invoked by an orc priest
              (15 damage)
             ... on level 4 of the Dungeon.
             The game lasted 00:06:58 (3609 turns).

valthius the Skirmisher (Demonspawn Fighter)        Turns: 3609, Time: 00:06:59

Health: -1/43      AC: 19    Str: 16 (18) XL:     5   Next: 42%
Magic:  5/5        EV:  5    Int:  9 (11) God:
Gold:   122        SH:  8    Dex: 10 (12) Spells: 4/4 levels left

rFire    + . .     SeeInvis .   i - +2 mace (protect)
rCold    . . .     Faith    .   c - +0 kite shield
rNeg     . . .     Spirit   .   e - +0 chain mail
rPois    .         Reflect  .   (no helmet)
rElec    .         Harm     .   m - +0 cloak
rCorr    .         Rampage  .   (no gloves)
Will     .....                  (no boots)
Stlth    ..........             (no amulet)
HPRegen  0.14/turn              p - ring of wizardry
MPRegen  0.09/turn              q - ring of protection from fire

@: under a protective aura
A: claws 1, slimy green scales 1, powered by pain 1, clever 1, screaming 1, wild
magic 1
a: no special abilities


You were on level 4 of the Dungeon.
You visited 1 branch of the dungeon, and saw 4 of its levels.

You collected 122 gold pieces.

Inventory:

Hand Weapons
 a - a +0 long sword
 i - a +2 mace of protection (weapon)
Missiles
 k - 2 throwing nets (quivered)
Armour
 b - a +0 scale mail
 c - a +0 kite shield (worn)
 e - a +0 chain mail (worn)
 m - a +0 cloak (worn)
Magical Staves
 r - a staff of conjuration
Jewellery
 p - a ring of wizardry (left claw)
 q - a ring of protection from fire (right claw)
Wands
 l - a wand of iceblast (8)
Scrolls
 d - a scroll of magic mapping {unknown}
 h - 3 scrolls of identify {unknown}
 j - a scroll of enchant weapon {unknown}
 o - 3 scrolls of teleportation {unknown}
Potions
 f - a potion of degeneration
 n - a potion of curing


   Skills:
 * Level 4.5 Fighting
 - Level 1.7 Long Blades
 + Level 3.4 Armour
 + Level 1.9 Dodging
 + Level 3.4 Shields


You had 4 spell levels left.
You didn't know any spells.
Your spell library contained the following spells:

 Spells                   Type           Power      Damage    Failure   Level
 Gell's Gravitas          Tloc           0%         N/A       100%        3
 Teleport Other           Tloc           0%         N/A       100%        3
 Manifold Assault         Tloc           0%         N/A       100%        5


Dungeon Overview and Level Annotations

Branches:
Dungeon (4/15)
 Temple: D:4-7

Altars:


Innate Abilities, Weirdness & Mutations

You have sharp fingernails.
You are partially covered in slimy green scales. (AC +2)
You sometimes gain a little power by taking damage.
Your mind is acute. (Int +2)
You occasionally shout uncontrollably at your foes.
Your spells are a little harder to cast, but a little more powerful.


Message History

You hit the orc but do no damage.
The orc is heavily wounded.
The orc hits you with a +0 falchion.
* * * LOW HITPOINT WARNING * * *
The orc hits you but does no damage.
You thump the orc!
You kill the orc!
The orc hits you but does no damage.
There is a stone staircase leading up here.
The orc priest looks satisfied for a moment.
It was a potion of degeneration.
There was something very wrong with that liquid.
You feel weakened.
You feel dopey.
You feel clumsy. The orc barely misses you.
It was a potion of mutation.
You feel extremely strange.
You feel the urge to shout.
You feel clever.
You feel less in control of your magic. The orc hits you but does no damage.
It was a potion of curing.
You feel better. The orc hits you with a +0 club.
You hit the orc.
Your weapon exudes an aura of protection.
The orc is heavily wounded.
You block the orc's attack. x2
You closely miss the orc.
The orc is heavily wounded.
You block the orc's attack.
You hit the orc.
Your weapon exudes an aura of protection.
The orc is severely wounded.
The orc barely misses you. You block the orc's attack.
You sock the orc!
You kill the orc!
You block the orc priest's attack.
Your shield prevents you from hitting the orc priest.
The orc priest hits you but does no damage. x2
You hit the orc priest.
The orc priest is heavily wounded.
The orc priest mumbles some strange prayers to Beogh against you.
Beogh smites you!
You die...

### #.. ##.# #...
#.##..# ####
#.....# o....
##.######.###......
.......@oo.)'......
....#.#######......
. + ..... .... ...
.. #


You could see an orc priest and an orc.

Vanquished Creatures
  Ijyb (D:3)
  An iguana (D:4)
  3 gnolls (D:2)
  4 adders
  A dart slug (D:1)
  9 orcs
  3 ball pythons
  3 bats
  3 endoplasms
  2 giant cockroaches
  10 goblins
  5 hobgoblins
  3 jackals (D:3)
  4 frilled lizards
  3 kobolds
  8 rats
63 creatures vanquished.

Vanquished Creatures (others)
  A goblin (D:3)
1 creature vanquished.

Grand Total: 64 creatures vanquished

Notes
Turn   | Place    | Note
-------+----------+-------------------------------------------
     0 | D:1      | valthius the Demonspawn Fighter began the quest for the
                  | Orb.
     0 | D:1      | Reached XP level 1. HP: 18/18 MP: 1/1
   287 | D:1      | Gained mutation: You sometimes gain a little power by
                  | taking damage. [demonic ancestry]
   287 | D:1      | Reached XP level 2. HP: 24/24 MP: 2/2
   479 | D:1      | Found a faded altar of an unknown god.
   988 | D:2      | Reached XP level 3. HP: 11/29 MP: 3/3
   991 | D:2      | Reached skill level 1 in Dodging
  1537 | D:2      | Gained mutation: You have sharp fingernails. [demonic
                  | ancestry]
  1537 | D:2      | Reached XP level 4. HP: 36/37 MP: 4/4
  2107 | D:3      | Reached skill level 4 in Fighting
  2118 | D:3      | Noticed Ijyb
  2141 | D:3      | Killed Ijyb
  2346 | D:3      | Got Goregh's Compendium of Orientation
  2947 | D:3      | Noticed a water moccasin
  2947 | D:3      | Noticed a water moccasin
  3105 | D:3      | Gained mutation: You are partially covered in slimy green
                  | scales. (AC +2) [demonic ancestry]
  3105 | D:3      | Reached XP level 5. HP: 41/42 MP: 5/5
  3602 | D:4      | Gained mutation: You occasionally shout uncontrollably at
                  | your foes. [potion of mutation]
  3602 | D:4      | Gained mutation: Your mind is acute. (Int +2) [potion of
                  | mutation]
  3602 | D:4      | Gained mutation: Your spells are a little harder to cast,
                  | but a little more powerful. [potion of mutation]
  3609 | D:4      | Killed from afar by an orc priest

Illustrated notes

Levels and vault maps discovered:
D:1:      nagdon_arrival_zigzag_paths, layout_basic, basic_ecumenical_altar
D:2:      layout_loops_corners
D:3:      kennysheep_goblin_castle, layout_loops_ring, lightli_corner_chamber
D:4:      layout_basic, vehumet_statue, feat_on_display

Skill      XL: |  1  2  3  4 |
---------------+-------------+-----
Shields        | 3 |  3.4
Armour         | 3 |  3.4
Dodging        | 1 |  1.9
Fighting       | 4 |  4.5
Long Blades    | |  1.7

Action                   |  1- 3 |  4- 6 || total
-------------------------+-------+-------++-------
Melee: Long sword        |    71 |       ||    71
       Mace              |    19 |   143 ||   162
  Use: Potion            |     1 |     3 ||     4
Armor: Scale mail        |    37 |       ||    37
       Chain mail        |    24 |   101 ||   125
Dodge: Dodged            |    32 |    49 ||    81
Block: Kite shield       |    48 |    76 ||   124
       Rpst.: Long sword |     2 |       ||     2
